[Event "44th Chess Olympiad Women 2022"]
[Site "Chennai"]
[Date "2022.08.03"]
[Round "6.6"]
[White "Lahav, Michal"]
[Black "Wagner, Dinara"]
[Result "1-0"]
[WhiteElo "2191"]
[BlackElo "2341"]
[Annotator "TA"]
[PlyCount "79"]
[EventDate "2022.??.??"]
[TimeControl "60"]

1. e4 c5 2. c3 d5 3. exd5 Qxd5 4. d4 Nf6 5. Nf3 e6 6. Na3 Nc6 7. Be3 cxd4 {[%emt 0:02:21] [#] B22: Sicilian: 2 c3.} 8. Nb5 $1 Qd8 {[%emt 0:01:10] Prevents Nc7+.} (8... Qd7 $5 9. Nbxd4 Be7 $14) 9. Nbxd4 Nd5 {[%emt 0:03:39] The position
is equal. 9...Nd5 scores better than 9...Nxd4.} 10. Nxc6 bxc6 11. Bd2 Be7 12. c4 Nf6 13. Qc2 {[%emt 0:01:03] [#] Against Ne4} O-O $146 ({Predecessor:} 13... c5 14. O-O-O Bb7 15. Bd3 Qc7 16. Rde1
O-O-O 17. Ne5 Rhf8 18. Bc3 g6 19. Qa4 Ng4 {½-½ (47) Christiansen,J (2558)
-Kulaots,K (2542) Sweden 2020}) 14. Bd3 c5 15. Bc3 h6 16. O-O-O Qc7 17. Ne5 $1 Nd7 18. Qe2 Bd6 19. Ng4 {[%emt 0:02:52][%cal
Yg4h6] White threatens Nxh6+! and mate. White is much more active. The black
rooks are badly placed.} (19. Qe4 $6 f5 20. Qxa8 Bxe5 $11) 19... Bf4+ (19... Bb7 {leads to mate.} 20. Nxh6+ $1 Kh8 21. Qh5 (21. Nxf7+ Rxf7
22. Qh5+ Kg8 $16) 21... Nf6 22. Bxf6 Bf4+ 23. Kb1) (19... h5 $16 {keeps
fighting.}) 20. Kb1 $18 Bb7 21. g3 $40 {
[%emt 0:01:55] White attacks with force.} Bg5 (21... Bxh1 $2
22. gxf4 Qxf4 23. Rxh1 $18) 22. h4 Bf6 (22...
Bxh1 $2 23. hxg5 e5 24. Rxh1 $18) 23. Nxf6+ Nxf6 24. g4 Bxh1 25. Rxh1 {[%emt 0:00:02]
Black must now prevent g5.} Qf4 {[%emt 0:18:54] Inhibits g5. A mistake that
costs the game.} (25... Rad8 $16) 26. g5 $1 Ng4 (26... hxg5 $2 27. hxg5 Qxg5 28. f4 $18) (26...
Nd7) 27. f3 Ne3 (27... Qe3 $142 28. fxg4 Qxe2
29. Bxe2 hxg5 30. hxg5 Rfd8) 28. Bd2 {[%emt 0:00:14] White is clearly winning.}
Rfd8 29. Bxe3 {[%emt 0:00:39] This bishop pair is
nice.} Qe5 30. gxh6 Rab8 31.
b3 ({But not} 31. hxg7 $2 {[#]} Rxd3 $1 32. Qh2 Qxh2 33. Rxh2
Rxe3 $19) 31... a5 32. Rg1 g6 33. f4 Qc3 34. h7+ Kh8 35. Bc2 a4 36. Bc1 {[%emt 0:
00:08] aiming for Bb2.} axb3 37. axb3 Kxh7 38. Bb2 Rxb3 39. Qh5+ Kg8 40. Bxb3 {[%emt 0:00:10] Weighted Error
Value: White=0.07 (flawless) /Black=0.31} 1-0

[Event "44th Chess Olympiad Women 2022"]
[Site "Chennai"]
[Date "2022.08.03"]
[Round "6.6"]
[White "Schneider, Jana"]
[Black "Levitan, Ronit"]
[Result "1/2-1/2"]
[WhiteElo "2342"]
[BlackElo "2084"]
[Annotator "TA"]
[PlyCount "81"]
[EventDate "2022.??.??"]
[TimeControl "60"]

1. e4 e5 2. Nf3 Nc6 3. Bb5 a6 4. Ba4 Nf6 5. O-O Nxe4 6. d4 b5 7. Bb3 d5 8. dxe5 Be6 9. Qe2 Be7 10. Rd1 O-O 11. c3 Bc5 {[%emt 0:17:19] C81: Open Ruy Lopez: Keres Variation (9 Qe2).} 12.
Be3 Bxe3 13. Qxe3 Na5 {
[%emt 0:01:17][%cal Yc6a5,Ya5c4,Yc4e5] White is slightly better.} 14. Nbd2 Qe7 {[%emt 0:07:37] [#]} 15. Nxe4 $146 ({
Predecessor:} 15. Nd4 Nxd2 16. Rxd2 c5 17. Ne2 Rfd8 18. Rad1 Rac8 19. h3 h6 20.
Nf4 Nxb3 21. axb3 {½-½ (34) Suta,A (2212)-Spalir,J (2363) Ljubljana 2018})
15... dxe4 16. Bxe6 {[%emt 0:05:51][%cal Ye6d5] [#] Hoping
for Bd5!} exf3 {[%emt 0:00:29] The position is equal.} 17. Bd5 c6 $1 18. Bxf3 {[%emt 0:00:00] And
now b3 would win.} Nc4 19. Qe4 Nxe5 20. Be2 f5 21. Qd4 Rad8 22. Qb6 Nd7 23. Qxc6 Qxe2 24. Rxd7 {[%emt 0:00:
09] [#] Black must now prevent Qd5+.} Rxd7 25. Qxd7 Qxb2 $11 {[%emt 0:01:31] Endgame KQR-KQR} 26. Qe6+ Kh8 27. Rd1 Qxc3 28. Qxa6 b4 29. h3 h6 30. Qe6 Qc5 31. Rb1 Rd8 32. Qe1 Rd4 33. Qe3 Qd5 34. Qb3 Qxb3 35. Rxb3 {[%emt 0:00:07] KR-KR} Rd1+ 36. Kh2 Rd2 37. Kg3 Rxa2 {[%emt 0:00:34] Threatens to win with ...Ra3.} 38. Rxb4 Kh7 39. Rb6 g5 40. Rf6 Ra5 41. Rd6 {[%emt 0:00:00] Weighted Error
Value: White=0.04 (flawless) /Black=0.03 (flawless)} 1/2-1/2

[Event "44th Chess Olympiad Women 2022"]
[Site "Chennai"]
[Date "2022.08.03"]
[Round "6.7"]
[White "Houska, Jovanka"]
[Black "Danielian, Elina"]
[Result "0-1"]
[WhiteElo "2360"]
[BlackElo "2441"]
[Annotator "TA"]
[PlyCount "78"]
[EventDate "2022.??.??"]
[TimeControl "60"]

1. d4 d6 2. e4 g6 3. Nc3 Bg7 4. Be3 c6 5. Qd2 Nd7 6. h3 {[%emt 0:00:
00] B06: Modern Defence.} b5 7. Bd3 Bb7 8. Nf3 {[%emt 0:02:17] White is slightly better.} Qc7 9. Ne2 a6 10. c3 e5 {[%emt 0:09:54] [#]} 11. dxe5 $146 ({
Predecessor:} 11. a4 Ngf6 12. Ng3 h5 13. Bg5 Ng8 14. dxe5 dxe5 15. Nh4 Nc5 16.
Bc2 Ne6 17. Nf3 {½-½ (55) Jablonicky,F (2072)-Petran,P (2320) Banska
Stiavnica 2017}) 11... dxe5 12. c4 Ngf6 13. Rc1 O-O 14.
O-O Rfd8 15. Rfd1 Nf8 16. Qc3 Ne6 17. cxb5 (17. Nxe5 $2 Nh5 18. cxb5 (18. f4 $2 Nexf4 19. Nxf4 Bxe5 $19)
18... axb5 19. Nxf7 (19. f4 $2 Nexf4 20. Nxf4 Bxe5 $19) 19... Bxc3 $19) 17...
axb5 18. Qxe5 Qe7 19. Qg3 {[%emt 0:07:03] Prevents Ng4.} (19. Qh2 $11) 19... Rxa2 (19... Nh5 $17 20. Qh4 (20. Qg4 Rxa2 21. Ng5 Nxg5 $17) 20... Qxh4 21. Nxh4
Rxa2) 20. Qh4 Rxb2 21. Ng5 (
21. Ned4 $11 {keeps the balance.} Nxd4 22. Bxd4) 21... Nh5 $17 {[%emt 0:13:31]
Hoping for ...Bf6.} 22. Qg4 {[%emt 0:00:58] [#]} Bc8 (22...
Nf8 $1 $19 {Strongly threatening ...h6.} 23. Bc5 Qc7) 23. Rxc6 h6 24. Nxe6 Bxe6 25. Qf3 Bb3 $1 26. Rd2 Rxd2 27. Bxd2 Qd7 $36 {[%emt 0:00:32] Black has the
initiative. Black is more active.} 28. Bxb5 {[%emt 0:00:28] This costs White
the game.} Qxd2 $19 {[%emt 0:00:25] Black is clearly winning.} 29. Qxb3 Qe1+ 30. Kh2 Rd1 {[%emt 0:01:
00][%csl Gd1][%cal Re1h1] [#]} 31. Rc8+ Kh7 32. Qxd1 Qxd1 33. Rc1 Qd2 {[%emt 0:01:15] White must now prevent ... Nf4.} 34. g3 {
[%emt 0:00:06] Inhibits Nf4.} Nf6 35. Rc7 Qa5 36. Rb7 Nxe4 {[%emt 0:00:00] ...Nd6 is the
strong threat.} 37. Bc6 Nd6 38. Rd7 Qc5 39. Bg2 Qxf2 {[%emt 0:00:38]
Weighted Error Value: White=0.96/Black=0.54} 0-1

[Event "44th Chess Olympiad Women 2022"]
[Site "Chennai"]
[Date "2022.08.03"]
[Round "6.7"]
[White "Mkrtchyan, Mariam"]
[Black "Kalaiyalahan, Akshaya"]
[Result "1/2-1/2"]
[WhiteElo "2285"]
[BlackElo "2158"]
[Annotator "TA"]
[PlyCount "196"]
[EventDate "2022.??.??"]
[TimeControl "60"]

1. d4 d5 2. c4 e6 3. Nf3 Nf6 4. g3 Bb4+ 5. Bd2 Be7 6. Bg2 O-O 7. O-O c6 8. Bc3 Ne4 9. Nbd2 {[%emt 0:00:37] E11: Bogo-Indian.} Nxc3 10. bxc3 Nd7 11. e4 dxe4 12. Nxe4 {[%emt 0:00:30] [#]} Nf6 $146 ({Predecessor:} 12... f5 13. Ned2 Bf6 14. Re1 Re8 15. c5 e5 16. Qb3+
Kh8 17. Nc4 e4 18. Nd6 Rf8 {1-0 (40) Wahlund,M (2127)-Kucuksari,K (2337) Vaxjo
2017}) 13. Ne5 Qc7 14. Rb1 Bd7 (14... Nxe4 $11 {feels stronger.} 15. Bxe4 g6) 15. Qc2 {
[%emt 0:13:59] White is much more active. The black rooks are badly placed.}
Rab8 16. Rfd1 Be8 17. f4 Nxe4 18. Bxe4 g6 19. h4 f6 20. Nf3 Bf7 21. Kg2 Rfd8 22. h5 Kg7 23. Rh1 c5 (23... f5 24. Ne5 $1 $14) 24. hxg6 hxg6 25. Rh2 f5 26. Bd3 Bf6 27. Qf2 (27. Rbh1 $11 {deserves
consideration.}) 27... Qc6 28. Kf1 Qd7 ({Black should try} 28... cxd4 $17 29. cxd4 (29. Nxd4
Qd6 $17) 29... Qd7) 29. Ne5 $2 ({Better is} 29. g4 $1 $11 fxg4
30. Ne5) 29... Bxe5 $17 30. fxe5 cxd4 31. Qf4 {[%emt 0:00:12] Threatening mate with Qh6+.} Rh8 {
[%emt 0:00:13] Inhibits Qh6+.} 32. Rxh8 Rxh8 33. cxd4 Qc6 34. Kf2 $2 (34. d5 $17 {is tougher.} exd5 35. Qd4) 34... Rh2+
$19 35. Ke3 Qg2 36. d5 Rh3 37. Be2 (37. Kd4 $142
Rxg3 38. Kc3) 37... Rxg3+ 38. Bf3 Qh3 $2 ({Inferior is} 38... g5 39. Qxg5+ Rxg5 40. Bxg2 Rxg2 41. Rxb7
exd5 42. e6 dxc4 43. Rxa7 $11 (43. Rxf7+ Kg6 $11)) (38... exd5 39. Rb3 dxc4 40.
Rxb7 Qg1+ 41. Ke2 Rg2+ $1 42. Bxg2 Qxg2+ 43. Ke3 Qxb7) 39. Rh1 ({But not} 39. Rxb7 $2 g5 40. Qxg3 Qxg3 $19) 39... Qxh1 40.
Qxg3 {[%emt 0:00:03] Endgame KQB-KQB} Qc1+ 41. Kd3 b5 42. cxb5 exd5 {[%emt 0:00:04]
[%cal Yd5d4] White must now prevent ...d4!} ({Wrong is} 42... Qa3+ $2 43. Ke2
Qxa2+ 44. Kf1 exd5 45. Be2 $19) 43. Qh4 (43. e6 $142 Qc4+ 44.
Kd2 Qxa2+ 45. Ke1 Qa5+ 46. Kd1 Qa1+ 47. Ke2 Qb2+ 48. Ke1 Qc3+ 49. Kf2 Bxe6 50.
Qd6) 43... Qa3+ 44. Ke2 Qxa2+ 45. Ke1 Qa1+ 46. Kd2 Qb2+ 47. Kd1 Qxe5 48. Qa4 Qe3 49. Be2 f4 50. Qa1+ Kg8 (50... d4 $142 51. Qxa7
Qb3+ 52. Ke1 Qc3+ 53. Kf2 Qe3+ 54. Kf1 f3 55. Bd1 Qd3+ 56. Ke1 Qe3+ 57. Kf1 g5
58. Qc7 Qd3+ 59. Ke1 f2+ 60. Kxf2 Qxd1 61. b6 Qd2+ 62. Kg3 Qe3+ 63. Kg2 Qe2+
64. Kg3 d3 65. b7 Qe3+ 66. Kg2 Qe4+ 67. Kh2 Qe2+ 68. Kg3 d2 69. b8=Q d1=Q 70.
Qc3+ Kg6 71. Qc6+ Qe6 72. Qxe6+ Bxe6 73. Qe8+ Bf7 74. Qe5 Qd5 75. Qe1 Qd6+ 76.
Kf3 Qd3+ 77. Kg4 Qd4+ 78. Kh3 Qh8+ 79. Kg2 Bd5+ 80. Kf2 Qh4+ 81. Ke2 Qxe1+ 82.
Kxe1 g4 83. Kf2 Kg5 84. Kg3 Bc4 85. Kf2 Kf4 86. Ke1 Ke3 87. Kd1 g3 88. Kc2 Kd4
89. Kd2 g2 90. Kc2 g1=Q 91. Kd2 Qg2+ 92. Kd1 Kd3 93. Ke1 Qg1#) 51. Qf6 d4 52. Qd8+ Kg7 {[%emt 0:00:
06] ( -> ...f3)} 53. Qd7 Qb3+ 54. Ke1 Qc3+ 55. Kf2 Qe3+ 56. Kf1 f3 57. Bd1 Qd3+ 58. Ke1 f2+ 59. Kxf2 Qxd1 60. Qxa7 Qd2+ 61. Kf3 Qd3+ 62. Kf2 Qxb5 63. Qxd4+ Kg8 64. Qd8+ Qe8 65. Qf6 Qe6 66. Qd8+ Kg7 67. Qb8 Qf6+ 68. Kg3 g5 69. Qc7 Kg6 70. Qc2+ Qf5 71. Qc6+ Be6 72. Qe8+ Qf7 73. Qc6 Qf4+ 74. Kg2 Qd2+ 75. Kg3 Qd3+ 76. Kf2 Qd4+ 77. Ke1 Kf5 78. Qf3+ Qf4 79. Qh3+ g4 80. Qh7+ Ke5 81. Qc7+ {[%emt 0:00:17] [#]} Ke4 $1 82. Qc2+ Ke5 $2 (82... Kd4 83. Qb2+ Ke4 84. Qb1+ Ke5 85. Qb8+
Kf5 86. Qf8+ Ke4 87. Qa8+ Bd5 88. Qa4+ Ke5 89. Qe8+ Be6 90. Qb8+ Kf5 91. Qf8+
Ke4 92. Qa8+ Bd5 93. Qe8+ Qe5 94. Qa4+ Kf3+ 95. Kd2 Qf4+ 96. Qxf4+ Kxf4 97. Ke2
g3 98. Kd3 g2 99. Kd4 Be4 100. Kc4 g1=Q 101. Kb4 Qd4+ 102. Kb5 Bf3 103. Ka5
Qc5+ 104. Ka6 Qb4 105. Ka7 Qb7#) 83. Qc7+ $11 Ke4 84. Qc2+ Kd5 85. Qb3+ Qc4 86. Qb7+ Kd6 87. Qb8+ Ke7 88. Qe5 Kd7 89. Qg7+ Bf7 90. Kf2 Qf4+ 91. Kg1 g3 92. Kg2 Qf2+ 93. Kh3 Qf1+ $2 (93... Qh2+ {mates} 94. Kg4 Ke6 95. Qd4 Bh5+ 96. Kg5 Be2 97.
Qe3+ Kd5 98. Qd2+ Ke4 99. Qb4+ Kf3 100. Qe7 Kf2 101. Qa7+ Kf1 102. Qa1+ Kg2
103. Qa8+ Kg1 104. Qa7+ Qf2 105. Qa1+ Kh2 106. Qe5 Qf3 107. Kg6 Bd3+ 108. Kg5
Be2 109. Kg6 Qg4+ 110. Kf6 Qh4+ 111. Ke6 Qh5 112. Qb8 Qg6+ 113. Ke7 Qg7+ 114.
Ke6 {[#]} Qg8+ $3 115. Qxg8 Bc4+ 116. Ke7 Bxg8 117. Kf8 Ba2 118. Ke7 g2 119.
Kd7 g1=Q 120. Kc6 Qd4 121. Kb7 Qd6 122. Kc8 Be6+ 123. Kb7 Bd5+ 124. Ka7 Qc7+
125. Ka6 Bc4#) 94. Kh4 $17 g2 95. Qxg2 Qf6+ 96. Qg5 Qh8+ 97. Kg3 Be6 (97... Qc3+ $17 98. Kf2
Qb2+ 99. Ke1 Qb1+ 100. Kf2 Qc2+ 101. Kf3 Qc3+ 102. Qe3 Bd5+ 103. Ke2 Bc4+ 104.
Kf3 Qf6+ 105. Ke4 Qg6+ 106. Kf4 Qh6+ 107. Kf3 Qf8+ 108. Kg3 Qg7+ 109. Kf4 Qh6+
110. Kf3 Qh3+ 111. Kf2 Qh4+ 112. Kf3 Qf6+ 113. Qf4 Qc3+ 114. Kf2 Qc2+ 115. Kg3
Qd3+ 116. Kf2 Qe2+ 117. Kg3 Qe1+ 118. Kg4 Be6+ 119. Kg5 Qc3) 98. Qb5+ $11 Ke7 {[%emt 0:00:39] Weighted Error Value: White=0.87/Black=0.33
} 1/2-1/2

[Event "44th Chess Olympiad Women 2022"]
[Site "Chennai"]
[Date "2022.08.03"]
[Round "6.7"]
[White "Yao, Lan"]
[Black "Sargsyan, Anna M."]
[Result "0-1"]
[WhiteElo "2274"]
[BlackElo "2378"]
[Annotator "TA"]
[PlyCount "118"]
[EventDate "2022.??.??"]
[TimeControl "60"]

1. e4 e5 2. Nf3 Nc6 3. Bc4 Bc5 4. c3 Nf6 5. d3 d6 6. Bb3 a5 {[%emt 0:00:17] C54: Giuoco Piano: 4 c3 Nf6, main
lines with 5 d4 and 5 d3.} 7. Nbd2 O-O 8. O-O Ba7 {[%emt 0:00:00] The
position is equal.} 9. h3 Ne7 10. Re1 Ng6 11. Nf1 {[%emt 0:00:57] [#]}
Bd7 $146 ({Predecessor:} 11... Nh5 12. Bg5 Qe8 13. Nxe5 Nxe5
14. d4 Nf6 15. Bxf6 gxf6 16. dxe5 Qxe5 17. Qf3 Be6 {½-½ (51) Praggnanandhaa,
R (2539)-Korobov,A (2699) Wijk aan Zee 2019}) 12. Ng3 Qc8 13. d4 Re8 (13...
a4 $14 14. Bc4 (14. Bxa4 Bxa4 15. Qxa4 Bxd4 $11) 14... h6) 14. Ng5 (14. Bg5 $16) 14... Re7 15. Nh5 {[%emt 0:03:24] Black
must now prevent Nxf6+.} Qf8 16. Qf3 Ne8 17. Qd3 a4 18. Bc2 Nf6 19. Nxf6+ gxf6 20. Nf3 Qg7 21. Kh2 Kh8 22. Be3 Rg8 23. Rg1 (23. g4 h5 24. Rh1 (24. gxh5 $2 Nf4 $17) 24... d5 25. dxe5 (25.
exd5 $2 e4 $19) 25... dxe4 26. exf6 Qxf6 $17) 23... f5 (23...
Nf4 $14 24. Bxf4 exf4) 24. dxe5 $2 (24. exf5 $16 {is forced
if you want to stay better.} exd4 25. cxd4 (25. fxg6 dxe3 26. Rae1 Rge8 $17) (
25. Bxd4 Bxd4 26. Nxd4 c5 $16)) 24... fxe4 (24... Nxe5 {
is interesting.} 25. Nxe5 fxe4 26. Nxf7+ Rxf7 27. Qe2 Bxe3 28. Qxe3 Qf6) 25.
Qxe4 Bc6 26. Qf5 Bxe3 27. fxe3 Bxf3 ({Better is} 
27... Nxe5 $17 {And now ...Re6 would win.} 28. Qf4 Ng6 29. Bxg6 fxg6) 28. Qxf3 (28. gxf3 Rxe5 29. Qg4 a3 $17) 28... Qxe5+ (
28... Nxe5 29. Qf4 $11) 29. Kh1 Nh4 $1 30.
Qf2 Qg5 {[%emt 0:01:11] Black is more active.} (30... Rg3 $17
{aiming for ...f5.} 31. Bxa4 f6) 31. Raf1 $11 b5 32. Qf6+ Qxf6 33.
Rxf6 Rg3 34. Rf4 (34. c4 $5)
34... Ng6 35. Bxg6 fxg6 $15 {[%emt 0:00:20]
Endgame KRR-KRR} 36. Rb4 c6 (36... Rgxe3 $17
{Strongly threatening ...c6.} 37. Rxb5 a3) 37. e4 (37. c4 $1
$11 {was the only way to keep the balance.}) 37... Rd3 {[%emt 0:00:48] Black
converts the advantage convincingly.} 38. Re1 d5 39. e5 (39. Rd4 $17 Rxe4 40. Rexe4 dxe4 41. Rxe4) 39...
Rd2 $1 $19 40. Kh2 Kg7 41.
h4 (41. Kg3 $142) 41... Rf2 42. Kg3 {[%emt 0:
11:11] [#]} Rf5 43. b3 ({Much weaker is} 43.
e6 Kf6 44. Rd4 Rxe6) 43... axb3 ({Not} 43... Rexe5 44. Rxe5
Rxe5 45. bxa4 $15) 44. axb3 Rexe5 ({Worse is
} 44... Rfxe5 45. Rxe5 Rxe5 46. Kf3) 45. Rc1 (45. Rxe5 $142
Rxe5 46. Kf3) 45... Re3+ 46. Kh2 Rf2 47. Rg4 h5 48. Rg5 (48. Rg3 $142 Re4 49. Kg1) 48... Rf4 49. g3 Rf2+ 50. Kh1 Ree2 51. c4 (51. Kg1 $142) 51... bxc4 52. bxc4 d4 53. Ra5 d3 54. Ra7+ Kf6 (
54... Kh6 $142 55. Rb1 d2 56. Kg1 Rg2+ 57. Kh1 Rxg3 58. Raa1 Rg4 59. c5 Rxh4+
60. Kg1 Rhh2 61. Rb4 h4 62. Rd1 g5 63. Rb8 h3 64. Rh8+ Kg6 65. Rxh3 Rxh3 66.
Rf1 Re1 67. Kg2 {[#]} d1=Q $1 68. Rf6+ Kxf6 69. Kxh3 Qf3+ 70. Kh2 Rh1#) 55.
Raa1 d2 {[%emt 0:00:16] Black mates.} 56. Rd1 Kf5 57. Kg1 Kg4 58. Ra5 Rg2+ 59. Kh1 Kh3 {[%emt 0:00:
09] Weighted Error Value: White=0.58/ Black=0.20 (precise)} 0-1

[Event "44th Chess Olympiad Women 2022"]
[Site "Chennai"]
[Date "2022.08.03"]
[Round "6.8"]
[White "Movsesian, Julia"]
[Black "Vantika Agrawal"]
[Result "1/2-1/2"]
[WhiteElo "2291"]
[BlackElo "2371"]
[Annotator "TA"]
[PlyCount "105"]
[EventDate "2022.??.??"]
[TimeControl "60"]

1. e4 c5 2. Nc3 Nc6 3. Bb5 Nd4 4. Nf3 e6 5. O-O a6 6. Bd3 Nc6 7. Be2 Qc7 8. d4 cxd4 9. Nxd4 Nf6 10. Kh1 Nxd4 11. Qxd4 Bc5 12. Qd3 O-O {[%emt 0:12:46] B47:
Sicilian: Taimanov: 5 Nc3 Qc7 6 f4, 6 g3 and 6 Be2.} 13. Bg5 b5 14. f4 Ne8 {[%emt 0:12:09] [#] White has
an edge.} 15. e5 $146 ({Predecessor:} 15. Qh3 Bb7 16. Bd3 f6
17. e5 f5 18. Bh4 Rf7 19. Bf2 Rc8 20. Qg3 Qb6 21. Rae1 Nc7 22. Bxc5 Qxc5 {
½-½ (20) Bobek,D (1694)-Strakos,T (1814) Hrdonov 2013}) 15... Bb7 16. Ne4 Bxe4 17. Qxe4 d5 18. Qf3 Be7 19. Bxe7 Qxe7 20. Bd3 g6 21. Qh3 Ng7 22. Rae1 h5 23. Qf3 Rfd8 24. Re2 b4 25. Rfe1 a5 26. b3 a4 27. h3 (27.
Rg1 $11) 27... axb3 28. axb3 h4 $1 29. Kh2 Nh5 30. Qg4 Ng3 {[%emt 0:01:36] Prevents f5.} 31. Re3 Kg7 32. Rf3 Kf8 33. Rf2 Ra5 34. Rd2 Rda8 35. Rdd1 R8a7 36. Qf3 Qc5 (36... Kg7 $15) 37. Qg4 $11 Qe7 (37...
Qf2 $11) 38. Qf3 $15 Kg7 39. Qg4 Ra8 40. Rc1 Ra2 41.
Rcd1 Rc8 42. Ra1 Rca8 43. Rad1 R8a7 44. Rc1 Kf8 45. Qf3 Kg8 46. Qg4 Kf8 (46... Kg7 $15) 47. Rcd1 (47. Qf3 $1 $11) 47... Ra8 48. Rc1 R2a7 49. Rcd1 Kg7 50. Rc1 Rh8 51. Ra1 Rha8 52. Rac1 Rh8 53. Ra1 {
[%emt 0:00:00] Weighted Error Value: White=0.11 (very precise) /Black=0.12 
(very precise)} 1/2-1/2

[Event "44th Chess Olympiad Women 2022"]
[Site "Chennai"]
[Date "2022.08.03"]
[Round "6.8"]
[White "Padmini, Rout"]
[Black "Worek, Joanna"]
[Result "1/2-1/2"]
[WhiteElo "2374"]
[BlackElo "2280"]
[Annotator "TA"]
[PlyCount "96"]
[EventDate "2022.??.??"]
[TimeControl "60"]

1. Nf3 d5 2. g3 Bg4 3. Bg2 Nd7 4. d4 e6 5. h3 Bh5 6. O-O {[%emt 0:00:53] A07: Réti
Opening: New York and Capablanca Systems.} Be7 7. c4 c6 8. cxd5 exd5 9.
Nc3 Ngf6 (9... Bxf3 $5 10. exf3 (10. Bxf3
Ngf6 $11) 10... Ngf6 $14) 10. Ne5 Nxe5 11.
dxe5 Nd7 12. f4 f5 {[%emt 0:
00:00] [#] Prevents g4.} 13. exf6 $146 (13. Kh2 $142) ({
Predecessor:} 13. g4 Bg6 14. Be3 O-O 15. Qb3 Nc5 16. Qd1 Ne6 17. Nxd5 cxd5 18.
Qxd5 Bf7 19. gxf5 Nxf4 20. Qxd8 Nxe2+ {0-1 (56) Hansen,S (2525)-Zhigalko,S 
(2572) Chess.com INT 2022}) 13... Qb6+ $11 14. Kh2 Nxf6 15. g4 Bf7 16.
e4 dxe4 17. Nxe4 Nd5 (17... Nxe4 $17 18. Bxe4 Bc5) 18. Qf3 O-O-O $1 19. Qf2 Qxf2 20. Rxf2 Rhe8 21. Bd2 Rd7 22. a3 Bd8 23. Rc1 (23. Re1 $1 $15 {feels stronger.}) 23... Bc7 24. Nc5 Rde7 25. Kg1 Bb6 (25... Ne3 {feels hotter.} 26. Bxe3 Rxe3
27. Nxb7 Kxb7 28. Bxc6+ Kb6) 26. b4 Bc7 27.
Bf1 Nf6 28. Bg2 (28. Bd3 $11
) 28... Bd5 (28... Nd7 $17) 29. Bxd5 Nxd5 30. Kg2 (30. f5 $11 {remains equal.}) 30...
Bd6 (30... g6 $17) 31. f5 Bxc5 32. bxc5 Kd7 33. Bc3 b6 34. f6 gxf6 35. Bxf6 Nxf6 (35... Re2 $15 36. Bd4 Nf4+ 37. Kf3 R2e4)
36. Rxf6 $15 {[%emt 0:00:05] Endgame KRR-KRR. The position is equal.} Re2+ 37. Kg3 R8e3+ 38. Kh4 Rh2 39. cxb6 Rhxh3+ 40. Kg5 {[%emt 0:00:04] [#] Threatens to win with Rd1+.} axb6 41. Rfxc6 h5 42. Rc7+ Kd6 43. gxh5 Re5+ 44. Kg4 Rexh5 45. R7c6+ Kd5 46. Rxb6 {[%emt 0:00:00] [#] White wants to mate with Rb5+.}
R5h4+ 47. Kg5 Rh5+ 48. Kg4 {
[%emt 0:00:00] Rb5+ is the strong threat.} R5h4+ {[%emt 0:00:05] Weighted
Error Value: White=0.15 (very precise) /Black=0.13 (very precise)} 1/2-1/2

[Event "44th Chess Olympiad Women 2022"]
[Site "Chennai"]
[Date "2022.08.03"]
[Round "6.8"]
[White "Pilsova, Karolina"]
[Black "Gomes, Mary Ann"]
[Result "1/2-1/2"]
[WhiteElo "2230"]
[BlackElo "2324"]
[Annotator "TA"]
[PlyCount "82"]
[EventDate "2022.??.??"]
[TimeControl "60"]

1. Nf3 Nf6 2. c4 c5 3. Nc3 g6 4. e4 d6 5. d4 cxd4 6. Nxd4 Bg7 7. Be2 O-O 8. Be3 Bd7 9. O-O Nc6 10.
h3 Nxd4 11. Bxd4 Bc6 12. Qc2 {[%emt 0:00:44] B38: Sicilian: Maroczy Bind with 5...
Bg7 and 7...0-0.} Rc8 13. Rad1 (13. Bxa7 b6
14. a4 Qc7 $19) 13... Nd7 14. Bxg7 {[%emt 0:09:33] White is
better.} (14. Bxa7 $2 b6 15. Bg4 Ra8 16. Bxd7 Bxd7 17. Bxb6 Qxb6 $19) 14...
Kxg7 15. b4 {[%emt 0:02:11] Prevents Qa5.} b6 16. Bg4 {[%emt 0:23:28] [#]} h5 $146 ({Predecessor:} 16... Rc7
17. f4 Qa8 18. Qd3 Kg8 19. Bxd7 Rxd7 20. f5 Kg7 21. Rf3 Rc7 22. f6+ Kg8 {
0-1 (36) Eizaguerri Floris,M (2328)-Padmini,R (2380) Riga 2021}) 17. Bxd7 {
[%emt 0:05:16] White is more active.} ({Better is} 17. Be2 $1 $16) 17... Bxd7 18. Nd5 Be6 19. Qb2+ (19. f4 {seems wilder.} Bxd5 20. exd5 e6 21. dxe6 fxe6 22. Qe4)
19... Kh7 20. Rd4 Bxd5 21.
exd5 Qd7 22. Qe2 Rc7 23. f4 ({White should play} 23. Re1 $14) 23...
Qf5 $1 $11 24. Re4 b5 (24...
Rfc8 $11) 25. c5 $1 $16 (25. Rxe7 $6 Rxc4 26. Qe6 Qxe6 27.
dxe6 Kg8 $14) 25... dxc5 26. Rxe7 Rxe7 27. Qxe7 {[%emt 0:00:06] Endgame KQR-KQR} Kg7 (27... Rc8 $2 28. d6 $18) 28. d6 ({Of course not} 28. Qxa7 $6
Rd8 $11) ({Don't do} 28. bxc5 Qxd5 29. f5 (29. Qxa7 Ra8 $17) 29... Rc8 $14) (
28. Qxc5 $16 {Hoping for d6.} Rc8 29. Qd4+ (29. Qxa7 Qxd5 30. Qf2 Qe4 $14) (29.
Qxb5 Rc2 $14) 29... Qf6 30. Qxa7) 28... cxb4 $2 (28... c4 $14)
29. d7 $18 Qf6 30. Qe8 Qd8 {
[%emt 0:06:05] [#]} 31. Re1 a5 32. Kh1 $2 (32. Re7 {[%cal Ye7f7] aiming for
Rxf7+!} Kh6 33. g4 hxg4 34. hxg4) 32... a4 33. Re7 b3 34. axb3 axb3 {
[%emt 0:00:32] [#] ...b2 is the strong threat.} 35. Re1 $2 (
35. Rxf7+ $1 $18 Rxf7 36. Qxd8) 35... b2 $36 {[%emt 0:00:31][%cal Yf8e8] Black
is pushing. The position is equal.} 36. Qe5+ Qf6 {[%emt 0:00:
15] And now ...Qxe5 would win.} 37. Qxb5 Rd8 {[%emt 0:00:12]
Strongly threatening ... Qc3.} 38. Rb1 $1 Qd4 39. Qxb2 Qxb2 40. Rxb2 Rxd7 41. g3 Rd3 {[%emt 0:30:54] Black defended
with fortune. Weighted Error Value: White=0.32/Black=0.37} 1/2-1/2